 Dungeon Crawl Stone Soup version 0.27.1-33-g824d729ab1 (webtiles) character file.

Game seed: 3468600597124185832

25 SensoryNuts the Cudgeller (level 2, -2/29 HPs)
             Began as a Troll Monk on Dec 6, 2021.
             Was a Believer of Uskayaw.
             Slain by a goblin (6 damage)
             ... led by Robin
             ... on level 2 of the Dungeon.
             The game lasted 00:01:19 (711 turns).

SensoryNuts the Cudgeller (Troll Monk)               Turns: 711, Time: 00:01:20

Health: -2/29      AC:  4    Str: 18    XL:     2   Next: 86%
Magic:  1/1        EV: 10    Int:  6    God:    Uskayaw [**....]
Gold:   45         SH:  0    Dex: 12    Spells: 1/1 levels left

rFire    . . .     SeeInvis .   a - +0 mace
rCold    . . .     Faith    .   (no shield)
rNeg     . . .     Spirit   .   b - +0 robe
rPois    .         Reflect  .   (helmet restricted)
rElec    .         Harm     .   (no cloak)
rCorr    .         Rampage  .   (gloves unavailable)
Will     .....                  (boots unavailable)
Stlth    ++........             (no amulet)
HPRegen  1.09/turn              (no ring)
MPRegen  0.07/turn              (no ring)

@: no status effects
A: large, unfitting armour, claws 3, regeneration 1, shaggy fur 1, tough skin 1
a: Renounce Religion, Stomp, Line Pass


You were on level 2 of the Dungeon.
You worshipped Uskayaw.
Uskayaw was noncommittal.
You visited 1 branch of the dungeon, and saw 2 of its levels.

You collected 45 gold pieces.

Inventory:

Hand Weapons
 a - a +0 mace (weapon)
Armour
 b - a +0 robe (worn)
Jewellery
 c - a ring of flight
Potions
 f - 2 potions of ambrosia


   Skills:
 + Level 2.9 Fighting
 + Level 3.1 Maces & Flails
 + Level 2.5 Dodging
 + Level 1.1 Stealth


You had one spell level left.
You didn't know any spells.
Your spell library contained the following spells:

 Spells                   Type           Power      Damage    Failure   Level
 Sandblast                Erth           0%         2d4       45%         1
 Passwall                 Tmut/Erth      0%         N/A       58%         2
 Lee's Rapid Deconstruct  Erth           0%         3d5*      100%        5


Dungeon Overview and Level Annotations

Branches:
Dungeon (2/15)

Altars:
Uskayaw

Annotations:
D:2 Robin, Terence


Innate Abilities, Weirdness & Mutations

You are too large for most types of armour.
You have claws for hands.
Your natural rate of healing is unusually fast.
You are covered in fur. (AC +1)
You have tough skin. (AC +1)


Message History

The adder is moderately wounded.
The bat hits you but does no damage. The adder misses you.
The kobold throws a stone.
The stone closely misses you.
You hit the adder.
The adder is almost dead.
The bat hits you but does no damage. The adder misses you.
The goblin hits you with a +0 club. The goblin closely misses you.
The adder bites you but does no damage.
You can now pass through a line of other dancers.
You miss the adder.
The adder is almost dead.
The goblin no longer looks unusually strong.
The hobgoblin no longer looks unusually strong.
The bat hits you but does no damage. The adder misses you.
The kobold closely misses you.
The goblin shoots a sling bullet.
The sling bullet hits you. Terence hits you with a +0 mace.
Robin drinks a potion.
Robin suddenly seems more resistant.
You miss the adder.
The adder is almost dead.
The goblin no longer looks unusually strong.
The bat hits you but does no damage. The adder bites you but does no damage.
The goblin closely misses you. The kobold barely misses you.
The goblin closely misses you. The goblin hits you with a +0 club.
Terence hits you with a +0 mace!
Robin roars a battlecry!
The goblins go into a battle-frenzy!
The adder bites you.
* * * LOW HITPOINT WARNING * * *
The goblin hits you with a +0 club.
* * * LOW HITPOINT WARNING * * *
Unknown command.
You hit the kobold.
You kill the kobold!
The goblin no longer looks unusually strong.
The hobgoblin no longer looks unusually strong.
The goblin no longer looks unusually strong. x2
The bat barely misses you. The adder bites you.
* * * LOW HITPOINT WARNING * * *
The goblin hits you with a +0 club.
You die...

#.............# ##
#.......g...### #..
...........#.#######..#
##............#......###
#.........gg...........
#..........#Sgg........
...........g..g........
#..:......##.ggg@..#<#.
.........##..r@g......
#######.#...#bS....##
#....##.#...##
#.......#.....#
#......... ....#
.......... ..... .....
..... ...# ...... .#..


You could see Terence, Robin (resistant), an adder, a quokka, 2 hobgoblins, 8
goblins, a bat and a ball python.

Vanquished Creatures
  2 dart slugs (D:1)
  A ball python (D:1)
  3 bats (D:1)
  2 endoplasms (D:1)
  2 goblins (D:1)
  2 hobgoblins (D:1)
  2 jackals (D:1)
  3 kobolds
  A frilled lizard (D:1)
  2 rats (D:1)
20 creatures vanquished.

Notes
Turn   | Place    | Note
-------+----------+-------------------------------------------
     0 | D:1      | SensoryNuts the Troll Monk began the quest for the Orb.
     0 | D:1      | Reached XP level 1. HP: 22/22 MP: 0/0
    96 | D:1      | Reached XP level 2. HP: 28/29 MP: 1/1
   170 | D:1      | Found a faded altar of an unknown god.
   182 | D:1      | Became a worshipper of Uskayaw the Reveller
   182 | D:1      | Reached * piety under Uskayaw
   182 | D:1      | Reached ** piety under Uskayaw
   316 | D:1      | Reached skill level 3 in Maces & Flails
   694 | D:2      | Noticed Robin
   694 | D:2      | Noticed Terence
   711 | D:2      | Slain by a goblin

Illustrated notes

Levels and vault maps discovered:
D:1:      amcnicky_arrival_double_pillar, layout_loops_ring,
          ebering_ecumenical_altar_ruins
D:2:      layout_rooms, serial_shops, shop, basic_altar, minmay_tetromino_t2,
          uniq_robin, uniq_terence

Skill      XL: |  1  2 |
---------------+-------+-----
Maces & Flails | 3 |  3.1
Fighting       | |  2.9
Dodging        | |  2.5
Stealth        | |  1.1

Action                   || total
-------------------------++-------
Melee: Mace              ||    64
  Use: Scroll            ||     2
 Stab: Sleeping          ||     1
Armor: Robe              ||    29
Dodge: Dodged            ||    43
